%YAML 1.1
%TAG !u! tag:unity3d.com,2011:
--- !u!1 &182517600298742676
GameObject:
  m_ObjectHideFlags: 0
  m_CorrespondingSourceObject: {fileID: 0}
  m_PrefabInstance: {fileID: 0}
  m_PrefabAsset: {fileID: 0}
  serializedVersion: 6
  m_Component:
  - component: {fileID: 8515091687128482360}
  m_Layer: 0
  m_Name: Level8
  m_TagString: Untagged
  m_Icon: {fileID: 0}
  m_NavMeshLayer: 0
  m_StaticEditorFlags: 0
  m_IsActive: 1
--- !u!4 &8515091687128482360
Transform:
  m_ObjectHideFlags: 0
  m_CorrespondingSourceObject: {fileID: 0}
  m_PrefabInstance: {fileID: 0}
  m_PrefabAsset: {fileID: 0}
  m_GameObject: {fileID: 182517600298742676}
  m_LocalRotation: {x: 0, y: 0, z: 0, w: 1}
  m_LocalPosition: {x: 0, y: 0, z: 0}
  m_LocalScale: {x: 1, y: 1, z: 1}
  m_Children:
  - {fileID: 722134174046549452}
  - {fileID: 3348293533511884117}
  - {fileID: 843105824683873128}
  - {fileID: 312896832711964224}
  - {fileID: 7570015716912493917}
  m_Father: {fileID: 0}
  m_RootOrder: 0
  m_LocalEulerAnglesHint: {x: 0, y: 0, z: 0}
--- !u!1001 &4537569182233825844
PrefabInstance:
  m_ObjectHideFlags: 0
  serializedVersion: 2
  m_Modification:
    m_TransformParent: {fileID: 8515091687128482360}
    m_Modifications:
    - target: {fileID: 760202028906925822, guid: 418226e2f77a861419c3b090944b79b5, type: 3}
      propertyPath: m_LocalScale.x
      value: 120
      objectReference: {fileID: 0}
    - target: {fileID: 760202028906925822, guid: 418226e2f77a861419c3b090944b79b5, type: 3}
      propertyPath: m_LocalScale.y
      value: 120
      objectReference: {fileID: 0}
    - target: {fileID: 760202028906925822, guid: 418226e2f77a861419c3b090944b79b5, type: 3}
      propertyPath: m_LocalScale.z
      value: 120
      objectReference: {fileID: 0}
    - target: {fileID: 3818249932904671139, guid: 418226e2f77a861419c3b090944b79b5, type: 3}
      propertyPath: m_IsActive
      value: 0
      objectReference: {fileID: 0}
    - target: {fileID: 3818249934457038840, guid: 418226e2f77a861419c3b090944b79b5, type: 3}
      propertyPath: m_RootOrder
      value: 0
      objectReference: {fileID: 0}
    - target: {fileID: 3818249934457038840, guid: 418226e2f77a861419c3b090944b79b5, type: 3}
      propertyPath: m_LocalScale.x
      value: 1
      objectReference: {fileID: 0}
    - target: {fileID: 3818249934457038840, guid: 418226e2f77a861419c3b090944b79b5, type: 3}
      propertyPath: m_LocalScale.y
      value: 1
      objectReference: {fileID: 0}
    - target: {fileID: 3818249934457038840, guid: 418226e2f77a861419c3b090944b79b5, type: 3}
      propertyPath: m_LocalScale.z
      value: 1
      objectReference: {fileID: 0}
    - target: {fileID: 3818249934457038840, guid: 418226e2f77a861419c3b090944b79b5, type: 3}
      propertyPath: m_LocalPosition.x
      value: 0
      objectReference: {fileID: 0}
    - target: {fileID: 3818249934457038840, guid: 418226e2f77a861419c3b090944b79b5, type: 3}
      propertyPath: m_LocalPosition.y
      value: 3.3899994
      objectReference: {fileID: 0}
    - target: {fileID: 3818249934457038840, guid: 418226e2f77a861419c3b090944b79b5, type: 3}
      propertyPath: m_LocalPosition.z
      value: -13.2699995
      objectReference: {fileID: 0}
    - target: {fileID: 3818249934457038840, guid: 418226e2f77a861419c3b090944b79b5, type: 3}
      propertyPath: m_LocalRotation.w
      value: 1
      objectReference: {fileID: 0}
    - target: {fileID: 3818249934457038840, guid: 418226e2f77a861419c3b090944b79b5, type: 3}
      propertyPath: m_LocalRotation.x
      value: -0
      objectReference: {fileID: 0}
    - target: {fileID: 3818249934457038840, guid: 418226e2f77a861419c3b090944b79b5, type: 3}
      propertyPath: m_LocalRotation.y
      value: -0
      objectReference: {fileID: 0}
    - target: {fileID: 3818249934457038840, guid: 418226e2f77a861419c3b090944b79b5, type: 3}
      propertyPath: m_LocalRotation.z
      value: -0
      objectReference: {fileID: 0}
    - target: {fileID: 3818249934457038840, guid: 418226e2f77a861419c3b090944b79b5, type: 3}
      propertyPath: m_LocalEulerAnglesHint.x
      value: 0
      objectReference: {fileID: 0}
    - target: {fileID: 3818249934457038840, guid: 418226e2f77a861419c3b090944b79b5, type: 3}
      propertyPath: m_LocalEulerAnglesHint.y
      value: 0
      objectReference: {fileID: 0}
    - target: {fileID: 3818249934457038840, guid: 418226e2f77a861419c3b090944b79b5, type: 3}
      propertyPath: m_LocalEulerAnglesHint.z
      value: 0
      objectReference: {fileID: 0}
    - target: {fileID: 3818249934457038841, guid: 418226e2f77a861419c3b090944b79b5, type: 3}
      propertyPath: m_Name
      value: Planet
      objectReference: {fileID: 0}
    - target: {fileID: 3818249934457038845, guid: 418226e2f77a861419c3b090944b79b5, type: 3}
      propertyPath: m_Radius
      value: 6
      objectReference: {fileID: 0}
    - target: {fileID: 4033891108481638881, guid: 418226e2f77a861419c3b090944b79b5, type: 3}
      propertyPath: m_RootOrder
      value: 2
      objectReference: {fileID: 0}
    - target: {fileID: 4033891108481638881, guid: 418226e2f77a861419c3b090944b79b5, type: 3}
      propertyPath: m_LocalScale.x
      value: 3.2
      objectReference: {fileID: 0}
    - target: {fileID: 4033891108481638881, guid: 418226e2f77a861419c3b090944b79b5, type: 3}
      propertyPath: m_LocalScale.y
      value: 3.2
      objectReference: {fileID: 0}
    - target: {fileID: 4033891108481638881, guid: 418226e2f77a861419c3b090944b79b5, type: 3}
      propertyPath: m_LocalScale.z
      value: 3.2
      objectReference: {fileID: 0}
    m_RemovedComponents: []
  m_SourcePrefab: {fileID: 100100000, guid: 418226e2f77a861419c3b090944b79b5, type: 3}
--- !u!4 &722134174046549452 stripped
Transform:
  m_CorrespondingSourceObject: {fileID: 3818249934457038840, guid: 418226e2f77a861419c3b090944b79b5, type: 3}
  m_PrefabInstance: {fileID: 4537569182233825844}
  m_PrefabAsset: {fileID: 0}
--- !u!1001 &4578675130450756473
PrefabInstance:
  m_ObjectHideFlags: 0
  serializedVersion: 2
  m_Modification:
    m_TransformParent: {fileID: 8515091687128482360}
    m_Modifications:
    - target: {fileID: 6234285811058418290, guid: c171f7e21a188904b96f17207954e2eb, type: 3}
      propertyPath: m_LocalPosition.y
      value: -0
      objectReference: {fileID: 0}
    - target: {fileID: 6234285811058418290, guid: c171f7e21a188904b96f17207954e2eb, type: 3}
      propertyPath: m_LocalPosition.z
      value: -1.97
      objectReference: {fileID: 0}
    - target: {fileID: 6234285811151803962, guid: c171f7e21a188904b96f17207954e2eb, type: 3}
      propertyPath: m_LocalPosition.z
      value: 2.58
      objectReference: {fileID: 0}
    - target: {fileID: 6234285812240856610, guid: c171f7e21a188904b96f17207954e2eb, type: 3}
      propertyPath: m_Name
      value: Horizontal Obstacle
      objectReference: {fileID: 0}
    - target: {fileID: 6234285812240856612, guid: c171f7e21a188904b96f17207954e2eb, type: 3}
      propertyPath: m_RootOrder
      value: 4
      objectReference: {fileID: 0}
    - target: {fileID: 6234285812240856612, guid: c171f7e21a188904b96f17207954e2eb, type: 3}
      propertyPath: m_LocalScale.z
      value: 1
      objectReference: {fileID: 0}
    - target: {fileID: 6234285812240856612, guid: c171f7e21a188904b96f17207954e2eb, type: 3}
      propertyPath: m_LocalPosition.x
      value: 0
      objectReference: {fileID: 0}
    - target: {fileID: 6234285812240856612, guid: c171f7e21a188904b96f17207954e2eb, type: 3}
      propertyPath: m_LocalPosition.y
      value: 2.88
      objectReference: {fileID: 0}
    - target: {fileID: 6234285812240856612, guid: c171f7e21a188904b96f17207954e2eb, type: 3}
      propertyPath: m_LocalPosition.z
      value: -6.7199993
      objectReference: {fileID: 0}
    - target: {fileID: 6234285812240856612, guid: c171f7e21a188904b96f17207954e2eb, type: 3}
      propertyPath: m_LocalRotation.w
      value: 0.9659258
      objectReference: {fileID: 0}
    - target: {fileID: 6234285812240856612, guid: c171f7e21a188904b96f17207954e2eb, type: 3}
      propertyPath: m_LocalRotation.x
      value: 0.2588191
      objectReference: {fileID: 0}
    - target: {fileID: 6234285812240856612, guid: c171f7e21a188904b96f17207954e2eb, type: 3}
      propertyPath: m_LocalRotation.y
      value: 0
      objectReference: {fileID: 0}
    - target: {fileID: 6234285812240856612, guid: c171f7e21a188904b96f17207954e2eb, type: 3}
      propertyPath: m_LocalRotation.z
      value: 0
      objectReference: {fileID: 0}
    - target: {fileID: 6234285812240856612, guid: c171f7e21a188904b96f17207954e2eb, type: 3}
      propertyPath: m_LocalEulerAnglesHint.x
      value: 30
      objectReference: {fileID: 0}
    - target: {fileID: 6234285812240856612, guid: c171f7e21a188904b96f17207954e2eb, type: 3}
      propertyPath: m_LocalEulerAnglesHint.y
      value: 0
      objectReference: {fileID: 0}
    - target: {fileID: 6234285812240856612, guid: c171f7e21a188904b96f17207954e2eb, type: 3}
      propertyPath: m_LocalEulerAnglesHint.z
      value: 0
      objectReference: {fileID: 0}
    m_RemovedComponents: []
  m_SourcePrefab: {fileID: 100100000, guid: c171f7e21a188904b96f17207954e2eb, type: 3}
--- !u!4 &7570015716912493917 stripped
Transform:
  m_CorrespondingSourceObject: {fileID: 6234285812240856612, guid: c171f7e21a188904b96f17207954e2eb, type: 3}
  m_PrefabInstance: {fileID: 4578675130450756473}
  m_PrefabAsset: {fileID: 0}
--- !u!1001 &5267539578802111729
PrefabInstance:
  m_ObjectHideFlags: 0
  serializedVersion: 2
  m_Modification:
    m_TransformParent: {fileID: 8515091687128482360}
    m_Modifications:
    - target: {fileID: 7452762956182919586, guid: f626dcd7f98d42e4a966accda4478024, type: 3}
      propertyPath: playerFuel
      value: 
      objectReference: {fileID: 0}
    - target: {fileID: 7452762956182919588, guid: f626dcd7f98d42e4a966accda4478024, type: 3}
      propertyPath: m_RootOrder
      value: 1
      objectReference: {fileID: 0}
    - target: {fileID: 7452762956182919588, guid: f626dcd7f98d42e4a966accda4478024, type: 3}
      propertyPath: m_LocalPosition.x
      value: 0
      objectReference: {fileID: 0}
    - target: {fileID: 7452762956182919588, guid: f626dcd7f98d42e4a966accda4478024, type: 3}
      propertyPath: m_LocalPosition.y
      value: 6.71
      objectReference: {fileID: 0}
    - target: {fileID: 7452762956182919588, guid: f626dcd7f98d42e4a966accda4478024, type: 3}
      propertyPath: m_LocalPosition.z
      value: -25.369999
      objectReference: {fileID: 0}
    - target: {fileID: 7452762956182919588, guid: f626dcd7f98d42e4a966accda4478024, type: 3}
      propertyPath: m_LocalRotation.w
      value: 1
      objectReference: {fileID: 0}
    - target: {fileID: 7452762956182919588, guid: f626dcd7f98d42e4a966accda4478024, type: 3}
      propertyPath: m_LocalRotation.x
      value: -0
      objectReference: {fileID: 0}
    - target: {fileID: 7452762956182919588, guid: f626dcd7f98d42e4a966accda4478024, type: 3}
      propertyPath: m_LocalRotation.y
      value: -0
      objectReference: {fileID: 0}
    - target: {fileID: 7452762956182919588, guid: f626dcd7f98d42e4a966accda4478024, type: 3}
      propertyPath: m_LocalRotation.z
      value: -0
      objectReference: {fileID: 0}
    - target: {fileID: 7452762956182919588, guid: f626dcd7f98d42e4a966accda4478024, type: 3}
      propertyPath: m_LocalEulerAnglesHint.x
      value: 0
      objectReference: {fileID: 0}
    - target: {fileID: 7452762956182919588, guid: f626dcd7f98d42e4a966accda4478024, type: 3}
      propertyPath: m_LocalEulerAnglesHint.y
      value: 0
      objectReference: {fileID: 0}
    - target: {fileID: 7452762956182919588, guid: f626dcd7f98d42e4a966accda4478024, type: 3}
      propertyPath: m_LocalEulerAnglesHint.z
      value: 0
      objectReference: {fileID: 0}
    - target: {fileID: 7452762956182919591, guid: f626dcd7f98d42e4a966accda4478024, type: 3}
      propertyPath: m_Name
      value: Player
      objectReference: {fileID: 0}
    m_RemovedComponents: []
  m_SourcePrefab: {fileID: 100100000, guid: f626dcd7f98d42e4a966accda4478024, type: 3}
--- !u!4 &3348293533511884117 stripped
Transform:
  m_CorrespondingSourceObject: {fileID: 7452762956182919588, guid: f626dcd7f98d42e4a966accda4478024, type: 3}
  m_PrefabInstance: {fileID: 5267539578802111729}
  m_PrefabAsset: {fileID: 0}
--- !u!1001 &5832778525568171266
PrefabInstance:
  m_ObjectHideFlags: 0
  serializedVersion: 2
  m_Modification:
    m_TransformParent: {fileID: 8515091687128482360}
    m_Modifications:
    - target: {fileID: 6099443072819546946, guid: baca9e4664069734c9b03a8ce0282d53, type: 3}
      propertyPath: m_RootOrder
      value: 3
      objectReference: {fileID: 0}
    - target: {fileID: 6099443072819546946, guid: baca9e4664069734c9b03a8ce0282d53, type: 3}
      propertyPath: m_LocalPosition.x
      value: 0
      objectReference: {fileID: 0}
    - target: {fileID: 6099443072819546946, guid: baca9e4664069734c9b03a8ce0282d53, type: 3}
      propertyPath: m_LocalPosition.y
      value: 0.09
      objectReference: {fileID: 0}
    - target: {fileID: 6099443072819546946, guid: baca9e4664069734c9b03a8ce0282d53, type: 3}
      propertyPath: m_LocalPosition.z
      value: -1.0599995
      objectReference: {fileID: 0}
    - target: {fileID: 6099443072819546946, guid: baca9e4664069734c9b03a8ce0282d53, type: 3}
      propertyPath: m_LocalRotation.w
      value: 1
      objectReference: {fileID: 0}
    - target: {fileID: 6099443072819546946, guid: baca9e4664069734c9b03a8ce0282d53, type: 3}
      propertyPath: m_LocalRotation.x
      value: 0
      objectReference: {fileID: 0}
    - target: {fileID: 6099443072819546946, guid: baca9e4664069734c9b03a8ce0282d53, type: 3}
      propertyPath: m_LocalRotation.y
      value: 0
      objectReference: {fileID: 0}
    - target: {fileID: 6099443072819546946, guid: baca9e4664069734c9b03a8ce0282d53, type: 3}
      propertyPath: m_LocalRotation.z
      value: 0
      objectReference: {fileID: 0}
    - target: {fileID: 6099443072819546946, guid: baca9e4664069734c9b03a8ce0282d53, type: 3}
      propertyPath: m_LocalEulerAnglesHint.x
      value: 0
      objectReference: {fileID: 0}
    - target: {fileID: 6099443072819546946, guid: baca9e4664069734c9b03a8ce0282d53, type: 3}
      propertyPath: m_LocalEulerAnglesHint.y
      value: 0
      objectReference: {fileID: 0}
    - target: {fileID: 6099443072819546946, guid: baca9e4664069734c9b03a8ce0282d53, type: 3}
      propertyPath: m_LocalEulerAnglesHint.z
      value: 0
      objectReference: {fileID: 0}
    - target: {fileID: 6099443072819546958, guid: baca9e4664069734c9b03a8ce0282d53, type: 3}
      propertyPath: m_Name
      value: Planet (1)
      objectReference: {fileID: 0}
    m_RemovedComponents: []
  m_SourcePrefab: {fileID: 100100000, guid: baca9e4664069734c9b03a8ce0282d53, type: 3}
--- !u!4 &312896832711964224 stripped
Transform:
  m_CorrespondingSourceObject: {fileID: 6099443072819546946, guid: baca9e4664069734c9b03a8ce0282d53, type: 3}
  m_PrefabInstance: {fileID: 5832778525568171266}
  m_PrefabAsset: {fileID: 0}
--- !u!1001 &7004699609914982414
PrefabInstance:
  m_ObjectHideFlags: 0
  serializedVersion: 2
  m_Modification:
    m_TransformParent: {fileID: 8515091687128482360}
    m_Modifications:
    - target: {fileID: 7676070456307520358, guid: ad18a7ffa6986a44c9b62b56ed6cf068, type: 3}
      propertyPath: m_RootOrder
      value: 2
      objectReference: {fileID: 0}
    - target: {fileID: 7676070456307520358, guid: ad18a7ffa6986a44c9b62b56ed6cf068, type: 3}
      propertyPath: m_LocalPosition.x
      value: 0
      objectReference: {fileID: 0}
    - target: {fileID: 7676070456307520358, guid: ad18a7ffa6986a44c9b62b56ed6cf068, type: 3}
      propertyPath: m_LocalPosition.y
      value: 4.47
      objectReference: {fileID: 0}
    - target: {fileID: 7676070456307520358, guid: ad18a7ffa6986a44c9b62b56ed6cf068, type: 3}
      propertyPath: m_LocalPosition.z
      value: -16.33
      objectReference: {fileID: 0}
    - target: {fileID: 7676070456307520358, guid: ad18a7ffa6986a44c9b62b56ed6cf068, type: 3}
      propertyPath: m_LocalRotation.w
      value: 0.9914449
      objectReference: {fileID: 0}
    - target: {fileID: 7676070456307520358, guid: ad18a7ffa6986a44c9b62b56ed6cf068, type: 3}
      propertyPath: m_LocalRotation.x
      value: 0.13052616
      objectReference: {fileID: 0}
    - target: {fileID: 7676070456307520358, guid: ad18a7ffa6986a44c9b62b56ed6cf068, type: 3}
      propertyPath: m_LocalRotation.y
      value: 0
      objectReference: {fileID: 0}
    - target: {fileID: 7676070456307520358, guid: ad18a7ffa6986a44c9b62b56ed6cf068, type: 3}
      propertyPath: m_LocalRotation.z
      value: 0
      objectReference: {fileID: 0}
    - target: {fileID: 7676070456307520358, guid: ad18a7ffa6986a44c9b62b56ed6cf068, type: 3}
      propertyPath: m_LocalEulerAnglesHint.x
      value: 15
      objectReference: {fileID: 0}
    - target: {fileID: 7676070456307520358, guid: ad18a7ffa6986a44c9b62b56ed6cf068, type: 3}
      propertyPath: m_LocalEulerAnglesHint.y
      value: 0
      objectReference: {fileID: 0}
    - target: {fileID: 7676070456307520358, guid: ad18a7ffa6986a44c9b62b56ed6cf068, type: 3}
      propertyPath: m_LocalEulerAnglesHint.z
      value: 0
      objectReference: {fileID: 0}
    - target: {fileID: 7676070456307520359, guid: ad18a7ffa6986a44c9b62b56ed6cf068, type: 3}
      propertyPath: m_Name
      value: Finish
      objectReference: {fileID: 0}
    m_RemovedComponents: []
  m_SourcePrefab: {fileID: 100100000, guid: ad18a7ffa6986a44c9b62b56ed6cf068, type: 3}
--- !u!4 &843105824683873128 stripped
Transform:
  m_CorrespondingSourceObject: {fileID: 7676070456307520358, guid: ad18a7ffa6986a44c9b62b56ed6cf068, type: 3}
  m_PrefabInstance: {fileID: 7004699609914982414}
  m_PrefabAsset: {fileID: 0}
